 Dungeon Crawl Stone Soup version 0.26-a0-497-g0187308201 (webtiles) character file.

Game seed: 16276635777845422280

47 MrRokkomies the Chopper (level 3, -3/30 HPs)
             Began as a Demigod Wanderer on Aug 6, 2020.
             Slain by a gnoll
             ... wielding a +0 halberd
              (11 damage)
             ... on level 2 of the Dungeon.
             The game lasted 00:02:28 (1011 turns).

MrRokkomies the Chopper (Demigod Wanderer)          Turns: 1011, Time: 00:02:29

Health: -3/30      AC:  6    Str: 18    XL:     3   Next: 29%
Magic:  5/5        EV: 10    Int: 15    God:
Gold:   85         SH:  0    Dex: 15    Spells: 2/2 levels left

rFire    . . .     SeeInvis .   a - +1 dagger (venom)
rCold    . . .     Faith    .   (no shield)
rNeg     . . .     Spirit   .   f - +0 ring mail
rPois    .         Reflect  .   (no helmet)
rElec    .         Harm     .   (no cloak)
rCorr    .                      q - +0 pair of gloves
MR       .....                  (no boots)
Stlth    +.........             m - amulet of regeneration
HPRegen  0.50/turn              (no ring)
MPRegen  0.09/turn              (no ring)

@: lightly drained
A: high mp 1
a: no special abilities


You were on level 2 of the Dungeon.
You visited 1 branch of the dungeon, and saw 2 of its levels.

You collected 85 gold pieces.

Inventory:

Hand Weapons
 a - a +1 dagger of venom (weapon)
 b - a +1 vampiric short sword
 h - a +2 hand axe
Missiles
 c - 10 poisoned darts (quivered)
 e - 6 atropa-tipped darts
Armour
 f - a +0 ring mail (worn)
 q - a +0 pair of gloves (worn)
Jewellery
 m - an amulet of regeneration (around neck)
Scrolls
 d - 2 scrolls of magic mapping {unknown}
 g - a scroll of noise {unknown}
 n - a scroll of identify {unknown}
 o - 3 scrolls of remove curse {unknown}
 p - a scroll of blinking {unknown}
Potions
 i - a potion of haste {unknown}
 j - a potion of curing {unknown}
 k - 2 potions of might {unknown}
 l - a potion of ambrosia {unknown}


   Skills:
 * Level 2.5(2.0) Fighting
 * Level 4.8(4.3) Axes
 + Level 1.4(0.8) Throwing
 - Level 1.0(0.4) Armour
 + Level 1.0(0.5) Dodging
 - Level 1.0(0.4) Stealth


You had 2 spell levels left.
You didn't know any spells.
Your spell library was empty.

Dungeon Overview and Level Annotations

Branches:
Dungeon (2/15)


Innate Abilities, Weirdness & Mutations

You have an increased reservoir of magic. (+10% MP)


Message History

Press: ? - help, Shift-Dir - straight line, f - gnoll
Aim: a gnoll, wielding a +0 halberd You throw a poisoned dart.
The poisoned dart hits the gnoll.
The gnoll is poisoned.
Throwing (i - inventory. (/) - cycle)
c - 11 poisoned darts (quivered)
Press: ? - help, Shift-Dir - straight line, f/p - gnoll
Aim: a gnoll, wielding a +0 halberd (poisoned)
You throw a poisoned dart.
The poisoned dart barely misses the gnoll. x2
The poisoned dart hits the gnoll.
The gnoll is poisoned.
The gnoll barely misses you. The gnoll barely misses you.
You hit the gnoll.
The gnoll is lightly wounded.
The gnoll hits you with a +0 halberd!
* * * LOW HITPOINT WARNING * * *
You hit the gnoll.
The gnoll looks even sicker.
The gnoll is heavily wounded.
The gnoll hits you with a +0 halberd!
You die...

#### ...# #########
##.# #...@ggg#
.#.######## #.#####w#
#.........###.### #(#
.#.####.#.......###.##
...# #...####.#....g.#
.####.....# #.#####(.#
.# ##...## #.# #g.# .#
##.## #(#####(.# .#
#.# #........#


You could see a worm and 3 gnolls.

Vanquished Creatures
  A gnoll (D:2)
  An adder (D:2)
  A dart slug (D:2)
  A leopard gecko (D:1)
  A giant cockroach (D:1)
  A hobgoblin (D:1)
  3 jackals (D:1)
  3 kobolds
  4 bats (D:1)
  A frilled lizard (D:1)
  4 goblins (D:1)
  6 rats (D:1)
27 creatures vanquished.

Notes
Turn   | Place    | Note
-------+----------+-------------------------------------------
     0 | D:1      | MrRokkomies the Demigod Wanderer began the quest for the
                  | Orb.
     0 | D:1      | MrRokkomies set off with the following items: a +2 hand
                  | axe, a +0 ring mail, 15 poisoned darts, a +0 dagger
     0 | D:1      | Reached XP level 1. HP: 17/17 MP: 3/3
   428 | D:1      | Reached XP level 2. HP: 24/24 MP: 4/4
   918 | D:2      | Reached XP level 3. HP: 30/30 MP: 5/5
  1006 | D:2      | Reached skill level 1 in Dodging
  1011 | D:2      | Slain by a gnoll

Illustrated notes

Levels and vault maps discovered:
D:1:      doesnt_arrival_eight_statues, layout_loops_ring, minmay_tromino_v2
D:2:      layout_loops_corners, patterned_corridor

Skill      XL: |  1  2  3 |
---------------+----------+-----
Fighting       | 2 |  2.5
Dodging        | 1 |  1.0
Axes           | |  4.8
Throwing       | |  1.4
Armour         | |  1.0
Stealth        | |  1.0

Action                   || total
-------------------------++-------
Melee: Short sword       ||    23
       Dagger            ||    58
Throw: Dart              ||     5
Armor: Ring mail         ||    48
Dodge: Dodged            ||    54

Table legend: (Time is in decaauts)
 A = Elapsed time spent in this place.
 B = Non-inter-level travel time spent in this place.
 C = Inter-level travel time spent in this place.
 D = Time resting spent in this place.
 E = Time spent auto-exploring this place.
 F = Levels seen in this place.
 G = Mean time per level.
                   A        B        C        D        E       F      G
               +--------+--------+--------+--------+--------+-----+--------+
         Total |   1011 |    981 |     30 |      0 |    743 |   2 |  505.5 |
       Dungeon |   1011 |    981 |     30 |      0 |    743 |   2 |  505.5 |
               +--------+--------+--------+--------+--------+-----+--------+

Top non-repeatable levels by time:
     D:1: 893 daAuts
     D:2: 117 daAuts
